 Dungeon Crawl Stone Soup version 0.18-a0-1685-g4482fe3 (webtiles) character file.

438 Eucla the Digger (level 7, -2/41 HPs)
             Began as an Octopode Earth Elementalist on Apr 4, 2016.
             Slain by a gnoll
             ... wielding a +0 spear
              (11 damage)
             ... on level 4 of the Dungeon.
             The game lasted 00:09:04 (3804 turns).

Eucla the Digger (Octopode Earth Elementalist)      Turns: 3804, Time: 00:09:04

Health: -2/41      AC:  1    Str:  7    XL:     7   Next: 1%
Magic:  12/13      EV:  7    Int: 19    God:
Gold:   203        SH:  0    Dex: 13    Spells: 3 memorised, 5 levels left

rFire  . . .     SeeInvis .     l - +3 trident
rCold  . . .     Gourm    .     (no shield)
rNeg   . . .     Faith    .     (helmet restricted)
rPois  .         Spirit   .     (no amulet)
rElec  .         Dismiss  .     d - ring of wizardry
rCorr  .         Reflect  .     (no ring)
SustAt .         Harm     .     (no ring)
MR     .....                    (no ring)
Stlth  ++........               (no ring)
                                (no ring)
                                (no ring)
                                (no ring)

@: glowing, not resistant to hostile enchantments, unstealthy
A: almost no armour, amphibious, 8 rings, constrict 8, camouflage 1, gelatinous
body 1
a: no special abilities


You were on level 4 of the Dungeon.
You were hungry.

You visited 1 branch of the dungeon, and saw 4 of its levels.

You collected 203 gold pieces.

Inventory:

Hand Weapons
 l - a +3 trident (weapon)
 r - a +1 dagger
Missiles
 a - 81 stones (quivered)
Jewellery
 d - a ring of wizardry (left tentacle)
 y - an uncursed ring of positive energy {unknown}
Scrolls
 j - a scroll of noise {unknown}
 m - a scroll of recharging
 q - 3 scrolls of amnesia {unknown}
 s - 5 scrolls of identify {unknown}
 t - a scroll of blinking
 v - a scroll of fog {unknown}
 w - a scroll of teleportation
 z - a scroll of magic mapping {unknown}
Potions
 e - 2 potions of brilliance {unknown}
 f - a potion of lignification {unknown}
 g - a potion of haste {unknown}
 h - a potion of flight {unknown}
 k - 2 potions of heal wounds {unknown}
 n - 3 potions of agility {unknown}
 o - 2 potions of might {unknown}
 p - 3 potions of curing {unknown}
 u - a potion of ambrosia {unknown}
 A - a potion of degeneration {unknown}
Books
 b - a book of Geomancy

   Spells                             Type                      Level
   a - Sandblast                      Earth                        1
   b - Passwall                       Transmutation/Earth          2
   c - Stone Arrow                    Conjuration/Earth            3
   d - Petrify                        Transmutation/Earth          4
   e - Lee's Rapid Deconstruction     Earth                        5
 x - a book of Maledictions

   Spells                             Type                      Level
   a - Corona                         Hexes                        1
   b - Ensorcelled Hibernation        Hexes/Ice                    2
   c - Confuse                        Hexes                        3
   d - Tukima's Dance                 Hexes                        3
   e - Dazzling Spray                 Conjuration/Hexes            3
Comestibles
 c - 5 bread rations
 i - 2 meat rations
 C - 5 fruits


   Skills:
 - Level 2.0 Dodging
 + Level 4.8 Stealth
 * Level 4.1 Spellcasting
 + Level 2.2 Conjurations
   Level 1.0 Transmutations
 * Level 5.1 Earth Magic


You had 5 spell levels left.
You knew the following spells:

 Your Spells              Type           Power        Failure   Level  Hunger
a - Sandblast             Erth           ###...       1%          1    None
b - Stone Arrow           Conj/Erth      ###...       4%          3    ###....
c - Lee's Rapid Deconstr  Erth           ###.......   22%         5    ######.


Dungeon Overview and Level Annotations

Branches:
Dungeon (4/15)
 Temple: D:4-7

Altars:
Fedhas
Kikubaaqudgha
The Shining One


Innate Abilities, Weirdness & Mutations

You cannot wear most types of armour.
You are amphibious.
You can wear up to eight rings at the same time.
You can use your tentacles to constrict eight enemies at once.
Your skin changes colour to match your surroundings (Stealth).
Your rubbery body absorbs attacks (AC +1).


Message History

You are feeling hungry.
The gnoll completely misses you.
Attack whom?
Press: ? - help, Dir - move target cursor, f/p - gnoll
Aim: a gnoll, wielding a spear (moderately wounded)
You reach to attack!
You hit the gnoll.
The gnoll is heavily wounded.
The gnoll closely misses you.
Attack whom?
Press: ? - help, Dir - move target cursor, f/p - gnoll
Aim: a gnoll, wielding a spear (heavily wounded)
You reach to attack!
You hit the gnoll.
The gnoll is severely wounded.
The gnoll hits you from afar with a spear. x2
* * * LOW HITPOINT WARNING * * *
You are too injured to fight recklessly!
All of the chunks of flesh in your inventory have rotted away.
There is a stone staircase leading up here.
The gnoll hits you from afar with a spear!
You die...

#.# #.# #.# #)########
#.# #..[.gg$.# #o##
#.######.# #..# #########
#g# ##.# #≈≈≈≈≈≈≈# #.#
#.# #≈♣...♣≈# #g# #(#
###≈.....≈###.# ##.##
#.'...@.g)).#.#
###.#.#####.#≈.....≈#...#
...###......#≈♣...♣≈#####
###.#.##.####≈≈≈≈≈≈≈#
.....###.# #########
###### #.# #.# ##.## #.#
#.# ### #...####.##
#.####.###
..........####.....#..#


You could see a gnoll.

Vanquished Creatures
  An ogre (D:4)
  The ghost of Eucla the Ruffian, a weakling TrMo (D:4)
  A hound (D:4)
  An orc priest (D:3)
  A gnoll shaman (D:4)
  Natasha (D:2)
  A worker ant (D:4)
  2 gnolls (D:4)
  7 adders
  An ooze (D:3)
  3 worms
  5 dart slugs
  2 giant geckos (D:1)
  3 orcs (D:3)
  4 giant cockroaches
  8 goblins
  3 hobgoblins
  7 jackals
  6 kobolds
  7 bats
  2 giant newts
  6 rats
73 creatures vanquished.

Notes
Turn   | Place    | Note
--------------------------------------------------------------
     0 | D:1      | Eucla the Octopode Earth Elementalist began the quest for the Orb.
     0 | D:1      | Reached XP level 1. HP: 11/11 MP: 3/3
   250 | D:1      | Reached XP level 2. HP: 17/17 MP: 5/5
   691 | D:1      | Reached XP level 3. HP: 13/21 MP: 7/7
   696 | D:1      | Learned a level 3 spell: Stone Arrow
  1489 | D:2      | Reached XP level 4. HP: 20/27 MP: 8/8
  1618 | D:2      | Reached skill level 4 in Earth Magic
  2100 | D:2      | Noticed Natasha
  2106 | D:2      | Killed Natasha
  2106 | D:2      | Reached skill level 1 in Conjurations
  2295 | D:2      | Reached XP level 5. HP: 31/31 MP: 9/9
  2352 | D:2      | Learned a level 5 spell: Lee's Rapid Deconstruction
  2425 | D:3      | Found a blossoming altar of Fedhas.
  2778 | D:3      | Found an ancient bone altar of Kikubaaqudgha.
  3347 | D:4      | Noticed Eucla's ghost (weakling TrMo)
  3388 | D:4      | Killed Eucla's ghost
  3388 | D:4      | Reached XP level 6. HP: 30/36 MP: 1/11
  3538 | D:4      | Found a glowing golden altar of the Shining One.
  3643 | D:4      | Reached skill level 5 in Earth Magic
  3791 | D:4      | Reached XP level 7. HP: 29/41 MP: 10/13
  3804 | D:4      | Slain by a gnoll

Vault maps used:
D:1:      mainiacjoe_arrival_reflecting_pool
D:2:      uniq_natasha
D:3:      lemuel_round_altar, overflow_temple_1_default, first_bread
D:4:      lemuel_crystal_altar, kennysheep_small_square

Skill      XL: |  1  2  3  4  5  6 |
---------------+-------------------+-----
Stealth        | 3 4 |  4.8
Earth Magic    | 4 5 |  5.1
Spellcasting   | 3 4 |  4.1
Conjurations   | 1 2 |  2.2
Dodging        | |  2.0
Transmutations | |  1.0

Action                   |  1- 3 |  4- 6 |  7- 9 || total
-------------------------+-------+-------+-------++-------
Melee: Unarmed           |    86 |       |       ||    86
       Dagger            |    11 |    22 |       ||    33
       Trident           |       |    47 |     7 ||    54
 Cast: Stone Arrow       |     2 |    22 |       ||    24
       Lee's Rapid Decon |       |     1 |       ||     1
  Use: Scroll            |       |     5 |       ||     5
 Stab: Sleeping          |     7 |    11 |       ||    18
       Distracted        |     1 |       |       ||     1
  Eat: Chunk             |     2 |     8 |       ||    10
       Beef jerky        |       |     1 |       ||     1
